AoeStats
← donsimon93

MegaRandom

507997025Analyzed
2v2 RM · 13d ago on Sep 20, 2026· 36m 55s· 4 players
Game mode
Random Map
Map size
Medium (4 player)
Population
200
Speed
Normal
Resources
Standard
Victory
Conquest
Starting age
Dark Age
Ending age
Imperial Age
RankedLock teamsTeams togetherTeam positionsShared explorationLock speedFull tech treeHidden civsTurbo modeCheats
Victory
Defeat
🇹🇼 Teutons · Taiwan
1035
+17
🇹🇼 Bohemians · Taiwan
1035
+17
🇦🇹 Britons · Austria
1100
-18
🇹🇷 Franks · Türkiye
1027
-34
Breaker
3:22 Loom
13:58 Feudal Age
19:47 Castle Age
19:42 Fletching
28:40 Padded Archer Armor
28:54 Double-Bit Axe
30:52 Masonry
33:46 Scale Barding Armor
donsimon93
9:41 Feudal Age
8:20 Loom
10:38 Double-Bit Axe
10:35 Horse Collar
20:18 Castle Age
18:35 Gold Mining
18:43 Fletching
19:14 Padded Archer Armor
19:49 Scale Mail Armor
20:19 Forging
20:10 Stone Mining
20:23 Pikeman
21:05 Squires
21:59 Wheelbarrow
21:10 Crossbowman
24:35 Town Watch
26:19 Iron Casting
26:46 Bodkin Arrow
27:07 Leather Archer Armor
27:50 Gold Shaft Mining
31:13 Leather Archer Armor
38:07 Imperial Age
EN_Tsai
8:43 Loom
10:49 Feudal Age
15:39 Castle Age
15:22 Double-Bit Axe
20:38 Pikeman
23:35 Squires
29:18 Scale Mail Armor
29:29 Forging
35:41 Husbandry
White_Tsai
5:22 Loom
10:53 Feudal Age
19:05 Castle Age
19:06 Castle Age
22:53 Town Watch
26:26 Imperial Age
26:30 Imperial Age
24:11 Squires
26:40 Scale Mail Armor
26:50 Forging
26:35 Fletching
26:55 Forging
26:46 Scale Mail Armor
26:20 Man-at-Arms
26:45 Gambesons
26:47 Arson
27:31 Double-Bit Axe
27:40 Horse Collar
27:53 Long Swordsman
29:13 Conscription
30:14 Two-Handed Swordsman
34:03 Heavy Plow
34:14 Bow Saw
36:09 Gold Mining
36:09 Stone Mining
36:18 Champion
Connection lost

Rejoining the realm…

Still unreachable

The connection could not be restored.

Session expired

The server has moved on; the page needs a fresh start.